Match 46631026
Unlisted

Match 46631026
End
Construct Section Command Post
Dingo Light Scout Car
ML 3-inch Mortar Team
Selects Air and Sea Battlegroup
Vickers Machine Gun Team
Construct Platoon Command Post
6-pounder Anti-tank Gun Team
Unlock M3 Stuart Light Tanks
M3 Stuart Light Tank
Selects Commando Section Paradrop
Selects Commando Support Section Paradrop
M3 Stuart Light Tank
Commando Section Paradrop
Light Vehicle Training
Unlock Bishop Self-propelled Artillery
Bishop Self-propelled Artillery
Bishop Self-propelled Artillery
Commando Section Paradrop
Construct Company Command Post
Construct Field Infirmary
Construct Field Infirmary
Selects Anti-tank Rocket Loiter
Selects Supply Surplus
Selects UNKNOWN (223837)
Construct Company Command Post
Construct Company Command Post
Unlock Towed 17-pounder Anti-tank Guns
17-pounder Anti-tank Gun Team
Unlock M3 Grant Medium Tanks
M3 Grant Medium Tank
Construct Resource Cache
Royal Engineer Section
M3 Grant Medium Tank
Armored Vehicle Training
S A N E
『BlackBear』
HOLD THE LINE
二百五战术
Bia Bia Bia
Etalier
.k boy
求你了别站起来蹬她
0
0

Comments sign in to comment!

No comments posted yet!